 Dungeon Crawl Stone Soup version 0.18-a0-1808-g3e993bd (webtiles) character file.

12601 Blasterino the Grappler (level 11, 73/113 HPs)
             Began as a Troll Berserker on Dec 28, 2015.
             Was a High Priest of Trog.
             Quit the game on level 3 of the Lair of Beasts on Apr 27, 2016.
             The game lasted 00:18:47 (6534 turns).

Blasterino the Grappler (Troll Berserker)           Turns: 6534, Time: 00:18:48

Health: 73/113     AC:  9    Str: 27    XL:     11   Next: 64%
Magic:  10/10      EV: 12    Int:  3    God:    Trog [*****.]
Gold:   634        SH:  0    Dex: 12    Spells: 0 memorised, 10 levels left

rFire  . . .     SeeInvis .       - Unarmed
rCold  . . .     Gourm    +     Q - +1 robe {Archmagi}
rNeg   . . .     Faith    .     (no shield)
rPois  .         Spirit   .     (helmet restricted)
rElec  .         Dismiss  .     H - +2 cloak
rCorr  .         Reflect  .     (gloves unavailable)
SustAt .         Harm     .     (boots unavailable)
MR     +....                    w - amulet of regeneration
Stlth  +.........               E - ring of protection from magic
                                K - ring of flight

@: heavily drained, somewhat resistant to hostile enchantments, very unstealthy
A: unfitting armour, claws 3, fast metabolism 3, gourmand, regeneration 2,
shaggy fur 1, tough skin 2
a: Berserk, Trog's Hand, Brothers in Arms, Burn Spellbooks, Renounce Religion,
Evoke Flight


You were on level 3 of the Lair of Beasts.
You worshipped Trog.
Trog was extremely pleased with you.
You were very full.

You visited 2 branches of the dungeon, and saw 12 of its levels.

You collected 634 gold pieces.

Inventory:

Hand Weapons
 N - a +0 quarterstaff
 P - a +1 scimitar of flaming
 R - a +2 demon whip of venom
Missiles
 d - 2 exploding tomahawks
 p - 6 tomahawks
 B - 5 steel javelins
 C - 3 javelins of returning (quivered)
Armour
 a - a +0 animal skin
 H - a +2 cloak (worn)
 Q - a +1 robe of the Archmagi (worn)
Jewellery
 o - an uncursed amulet of harm {unknown}
 w - an amulet of regeneration (around neck)
 z - a +3 ring of intelligence
 E - a ring of protection from magic (right claw)
 K - a ring of flight (left claw)
Wands
 u - a wand of teleportation (7/9)
 y - a wand of confusion (23/48)
 F - a wand of confusion (16/48)
 G - a wand of removedness (21/24)
 L - a wand of hasting (4/9)
 M - a wand of removedness (4/24)
 O - a wand of random effects (18/48)
Scrolls
 g - 3 scrolls of remove curse
 m - a scroll of recharging
 s - a scroll of fear
 v - 2 scrolls of blinking
 D - 2 scrolls of magic mapping
 J - 3 scrolls of identify
 S - a scroll of summoning {unknown}
Potions
 e - 4 potions of haste
 h - 3 potions of heal wounds
 i - 2 potions of agility {unknown}
 j - a potion of cure mutation {unknown}
 k - 8 potions of curing
 l - 7 potions of flight
 n - a potion of might {unknown}
 t - a potion of berserk rage {unknown}
 x - 2 potions of magic {unknown}
 A - 2 potions of invisibility
 I - a potion of ambrosia {unknown}
Comestibles
 b - 5 bread rations
 c - 5 meat rations
 f - a beef jerky
 q - a slice of pizza
 r - 6 fruits


   Skills:
 + Level 8.7(7.2) Fighting
 + Level 3.2(1.9) Throwing
 + Level 6.8(5.4) Dodging
 * Level 13.5(11.9) Unarmed Combat


You had 10 spell levels left.
You didn't know any spells.

Dungeon Overview and Level Annotations

Branches:
Dungeon (10/15)            Temple (0/1) D:4            Lair (3/8) D:9
  Swamp: Lair:3-6    Shoals: Lair:3-6     Snake: Lair:3-6    Spider: Lair:3-6
    Orc: D:9-12

Altars:
Okawaru
Trog
Yredelemnul


Innate Abilities, Weirdness & Mutations

You are too large for most types of armour.
You have claws for hands.
Your metabolism is lightning-fast.
You like to eat raw meat.
You heal very quickly.
You are covered in fur (AC +1).
You have very tough skin (AC +2).


Message History

Butcher a rat corpse? [(y)es/(c)hoosy/(n)o/(a)ll/(e)dible/(q)uit/?]
Butcher a rat corpse? [(y)es/(c)hoosy/(n)o/(a)ll/(e)dible/(q)uit/?]
Butcher a rat corpse? [(y)es/(c)hoosy/(n)o/(a)ll/(e)dible/(q)uit/?]
Butcher a rat corpse? [(y)es/(c)hoosy/(n)o/(a)ll/(e)dible/(q)uit/?]
Butcher a rat corpse? [(y)es/(c)hoosy/(n)o/(a)ll/(e)dible/(q)uit/?]
Butcher a rat corpse? [(y)es/(c)hoosy/(n)o/(a)ll/(e)dible/(q)uit/?]
Okay, then.
You butcher the rat corpse.
You stop butchering the corpses.
Welcome back, Blasterino the Troll Berserker.
Trog says: Kill them all!
Press ? for a list of commands and other information.
Unknown command.
Unknown command.
Welcome back, Blasterino the Troll Berserker.
Trog says: Kill them all!
Press ? for a list of commands and other information.
Are you sure you want to abandon this character and quit the game? (Confirm with "yes".)
Okay, then.
Are you sure you want to abandon this character and quit the game? (Confirm with "yes".)

.............#
#.###.............
.............#
##.##.............
.............#
#.###.............
............ ##.#
##############
...<........ #.##
.......#### #.##
.......# ##.#
.......# #.#
.......# #@#
######## #.††.# #
#...#.# #
#.#..##.# #
..#.##. .# r#### .
. # # . .r


You could see 2 rats.

Vanquished Creatures
  Josephine (D:10)
  A hydra (Lair:2)
  Erica (Lair:2)
  Nergalle (Lair:1)
  3 spiny frogs
  2 komodo dragons
  A rime drake (Lair:2)
  4 blink frogs (Lair:2)
  16 yaks
  2 wraiths (D:10)
  3 hippogriffs (Lair:2)
  4 water moccasins
  A wolf (Lair:2)
  Duvessa (D:6)
  A sky beast (D:9)
  A phantom (D:6)
  5 porcupines
  A wasp (Lair:3)
  An orc warrior (D:9)
  An ogre (D:5)
  6 crocodiles
  2 centaurs
  11 giant frogs
  Dowan (D:6)
  A centaur zombie (D:6)
  3 crimson imps
  A gnoll shaman (D:5)
  An orc wizard (D:4)
  3 hounds
  Crazy Yiuf (D:6)
  A centaur skeleton (D:4)
  Jessica (D:2)
  Ijyb (D:3)
  3 hell rats (Lair:3)
  5 iguanas
  8 worker ants
  A hound skeleton (D:6)
  A worker ant zombie (D:6)
  Robin (D:4)
  5 adders
  12 gnolls
  57 river rats
  3 shadow imps
  An adder zombie (D:6)
  3 worms
  6 giant geckos
  5 orcs
  10 bats
  13 hobgoblins
  14 jackals
  A ball python (D:1)
  6 giant cockroaches
  A giant gecko skeleton (D:5)
  3 giant newts
  13 goblins
  16 kobolds
  2 quokkas
  25 rats
299 creatures vanquished.

Vanquished Creatures (collateral kills)
  A wraith (D:10)
1 creature vanquished.

Vanquished Creatures (others)
  A fungus (Lair:1)
1 creature vanquished.

Grand Total: 301 creatures vanquished

Notes
Turn   | Place    | Note
--------------------------------------------------------------
     0 | D:1      | Blasterino the Troll Berserker began the quest for the Orb.
     0 | D:1      | Reached XP level 1. HP: 22/22 MP: 0/0
   190 | D:1      | Reached XP level 2. HP: 29/29 MP: 1/1
   594 | D:1      | Reached ** piety under Trog
   594 | D:1      | Reached XP level 3. HP: 34/36 MP: 2/2
  1060 | D:2      | Noticed Jessica
  1069 | D:2      | Killed Jessica
  1069 | D:2      | Reached skill level 4 in Unarmed Combat
  1069 | D:2      | Reached XP level 4. HP: 45/45 MP: 3/3
  1081 | D:2      | Found a bloodstained altar of Trog.
  1701 | D:3      | Reached XP level 5. HP: 50/53 MP: 4/4
  1893 | D:3      | Noticed Ijyb
  1899 | D:3      | Killed Ijyb
  1899 | D:3      | Reached skill level 5 in Unarmed Combat
  2211 | D:4      | Reached *** piety under Trog
  2298 | D:4      | Found a staircase to the Ecumenical Temple.
  2310 | D:4      | Reached XP level 6. HP: 60/62 MP: 5/5
  2432 | D:4      | Noticed Robin
  2441 | D:4      | Killed Robin
  2601 | D:4      | Reached skill level 6 in Unarmed Combat
  2641 | D:5      | Entered Level 5 of the Dungeon
  2775 | D:5      | Reached **** piety under Trog
  2789 | D:5      | Reached XP level 7. HP: 68/71 MP: 6/6
  3054 | D:5      | Reached skill level 7 in Unarmed Combat
  3127 | D:5      | Found an iron altar of Okawaru.
  3269 | D:6      | Reached skill level 5 in Fighting
  3291 | D:6      | Found a bloodstained altar of Trog.
  3291 | D:6      | Found a basalt altar of Yredelemnul.
  3410 | D:6      | Reached skill level 8 in Unarmed Combat
  3450 | D:6      | Reached XP level 8. HP: 64/80 MP: 7/7
  3585 | D:6      | Noticed Duvessa
  3586 | D:6      | Noticed Dowan
  3600 | D:6      | Killed Duvessa
  3606 | D:6      | Killed Dowan
  3756 | D:6      | Noticed Crazy Yiuf
  3762 | D:6      | Killed Crazy Yiuf
  4052 | D:7      | Received a gift from Trog
  4053 | D:7      | Reached skill level 9 in Unarmed Combat
  4066 | D:7      | You fall through a shaft for 3 floors!
  4066 | D:10     | Entered Level 10 of the Dungeon
  4094 | D:10     | Noticed Josephine
  4110 | D:10     | Killed Josephine
  4110 | D:10     | Reached skill level 10 in Unarmed Combat
  4110 | D:10     | Reached XP level 9. HP: 91/91 MP: 8/8
  4282 | D:9      | Found a staircase to the Lair.
  4299 | Lair:1   | Entered Level 1 of the Lair of Beasts
  4315 | Lair:1   | Noticed a komodo dragon
  4327 | Lair:1   | Killed a komodo dragon
  4327 | Lair:1   | Reached skill level 11 in Unarmed Combat
  4437 | Lair:1   | Reached XP level 10. HP: 102/102 MP: 9/9
  4479 | Lair:1   | Noticed Nergalle
  4581 | Lair:1   | Killed Nergalle
  4581 | Lair:1   | Reached skill level 5 in Dodging
  4713 | Lair:1   | Reached skill level 12 in Unarmed Combat
  4795 | Lair:1   | Reached ***** piety under Trog
  5166 | Lair:2   | Noticed a four-headed hydra
  5176 | Lair:2   | Killed a four-headed hydra
  5176 | Lair:2   | Reached XP level 11. HP: 29/111 MP: 10/10
  5347 | Lair:2   | Noticed Erica
  5356 | Lair:2   | Killed Erica
  5356 | Lair:2   | Reached skill level 1 in Throwing
  5434 | Lair:2   | Reached skill level 13 in Unarmed Combat
  6504 | Lair:3   | Received a gift from Trog
  6534 | Lair:3   | Upgraded the game from 0.18-a0-921-g28655ce to 0.18-a0-943-g2c08dd4
  6534 | Lair:3   | Upgraded the game from 0.18-a0-943-g2c08dd4 to 0.18-a0-1808-g3e993bd
  6534 | Lair:3   | Quit the game

Vault maps used:
D:1:      dpeg_arrival_rhombi, roderic_lattice_a, minmay_close_crescents
D:2:      lemuel_statue_altar, uniq_jessica
D:3:      hangedman_decor_clover_reticule, uniq_iyjb
D:4:      minmay_temple_entry_statues_fountains, uniq_robin
D:5:      overflow_temple_1_default, first_bread
D:6:      nicolae_overflow_hidden_temple, gammafunk_temple_overflow_elements,
          uniq_duvessa, uniq_crazy_yiuf_cottage
D:7:      fedhas_altar_2, tso_altar, bloody_trog, uniq_pikel
D:9:      grunt_lair_entry_orc_guard_hut
D:10:     uniq_maud, uniq_josephine
Lair:1:   grunt_megastairs_5, uniq_nergalle
Lair:2:   uniq_erica
Lair:3:   lemuel_ratsnest, hibernation_bobbens

Skill      XL: |  1  2  3  4  5  6  7  8  9 10 11 |
---------------+----------------------------------+-----
Unarmed Combat | 4 5 6 8 10 11 12 13 | 13.5
Fighting       | 5 |  8.7
Dodging        | 5 |  6.8
Throwing       | 1 |  3.2

Action                   |  1- 3 |  4- 6 |  7- 9 | 10-12 || total
-------------------------+-------+-------+-------+-------++-------
Melee: Unarmed           |   116 |   180 |   228 |   303 ||   827
       Quarterstaff      |       |       |       |    10 ||    10
Throw: Javelin           |       |       |       |     2 ||     2
Invok: Berserk           |     1 |     3 |     7 |     8 ||    19
       Trog's Hand       |       |       |     3 |     1 ||     4
       Brothers in Arms  |       |       |     1 |       ||     1
       Burn Spellbooks   |       |       |       |     2 ||     2
  Use: Scroll            |       |    10 |       |     8 ||    18
       Potion            |       |       |     1 |       ||     1
 Stab: Sleeping          |       |       |     1 |     1 ||     2
  Eat: Chunk             |    13 |    22 |    22 |    28 ||    85
